Cogmind - Beta 16.1 @@@ ROGUE MODE // 2026.03.30 @ 01:36:49 Player: DenchikZalaziet Result: Self-destructed Performance ------------- Evolutions (4) 2000 Regions Visited (9) 1800 Robots Destroyed (75) 375 Value Destroyed (2247) 2247 Prototype IDs (26) 520 Alien Tech Used (0) 0 Bonus (300) 300 TOTAL SCORE: 7242 Bonus ------- Aligned with FarCom 300 Cogmind --------- Core Integrity 694/850 Matter 292/300 Energy 510/510 System Corruption 4% Temperature Cool (0) Movement Core (150) Ox2 Location -6/Factory Parts ------- > --- POWER (2) -------- Angular Momentum Engine Fission Core > --- PROPULSION (6) --- (None) > --- UTILITY (5) ------ Small Storage Unit Advanced Weight Redist. System Advanced Weight Redist. System (fused) ECM Suite Hacking Suite > --- WEAPON (2) ------- Heavy Hammer Scythe > --- INVENTORY (8) ---- Light Nuclear Core Micro Nuclear Core Transmission Jammer ECM Suite System Shield Peak State ------------ > --- POWER ------------ Improved Deuterium Engine Micro Nuclear Core > --- PROPULSION ------- Carbon-fiber Leg Titanium Leg Gravmag System Flight Unit > --- UTILITY ---------- Small Storage Unit Advanced Weight Redist. System Improved Medium Armor Plating Layered Light Armor Plating Hacking Suite > --- WEAPON ----------- Heavy Missile Launcher Heavy Hammer > --- INVENTORY -------- Light Nuclear Core Advanced Weight Redist. System ECM Suite System Shield Remote Datajack Hammer Heavy Hammer [Rating: 41] Favorites ----------- Power Light Nuclear Core Engine Ion Engine Power Core Light Nuclear Core Propulsion Light Treads Treads Light Treads Leg Titanium Leg Hover Unit Gravmag System Flight Unit Flight Unit Utility Hacking Suite Device Advanced Weight Redist. System Storage Small Storage Unit Processor Visual Processing Unit Hackware Hacking Suite Protection Light Armor Plating Weapon Heavy Hammer Ballistic Gun Assault Rifle Launcher Grenade Launcher Special Weapon Remote Datajack Impact Weapon Heavy Hammer Slashing Weapon Scythe Piercing Weapon Makeshift Spear Build | -11 -10 -10 -10 -9 -8 -7 -7 -7 -6 ------- Run | Yrd Mat Min Exi Min Mat Fac Low Low Fac Slots Evolved 8 | . . . . . 4 2 . . 2 Power 1 | . . . . . 1 . . . . Propulsion 4 | . . . . . 1 1 . . 2 Utility 3 | . . . . . 2 1 . . . Weapon . | . . . . . . . . . . Parts Attached 74 | 8 5 4 1 4 17 18 4 2 11 Power 15 | 1 1 . 1 . 4 3 1 . 4 Engine 8 | 1 . . 1 . 3 1 1 . 1 Core 7 | . 1 . . . 1 2 . . 3 Reactor . | . . . . . . . . . . Propulsion 17 | 2 1 1 . . 6 7 . . . Treads 7 | 2 1 1 . . 3 . . . . Leg 7 | . . . . . 3 4 . . . Wheel . | . . . . . . . . . . Hover 1 | . . . . . . 1 . . . Flight 2 | . . . . . . 2 . . . Utility 25 | 2 3 1 . 1 5 6 2 1 4 Device 13 | 1 . . . . 3 3 1 1 4 Storage 2 | 1 1 . . . . . . . . Processor 1 | . . . . . 1 . . . . Hackware 2 | . . . . . . 2 . . . Protection 7 | . 2 1 . 1 1 1 1 . . Artifact . | . . . . . . . . . . Weapon 17 | 3 . 2 . 3 2 2 1 1 3 Energy Gun . | . . . . . . . . . . Energy Cannon . | . . . . . . . . . . Ballistic Gun 8 | 3 . 1 . 1 2 . . . 1 Ballistic Cannon . | . . . . . . . . . . Launcher 3 | . . 1 . . . 1 1 . . Special Weapon 1 | . . . . . . . . . 1 Impact Weapon 3 | . . . . 2 . 1 . . . Slashing Weapon 1 | . . . . . . . . . 1 Piercing Weapon 1 | . . . . . . . . 1 . Special Melee Weapon . | . . . . . . . . . . Unidentified Prototypes 1 | . . . . . . 1 . . . Parts Lost 28 | . 1 . . 1 6 4 10 . 6 Power 5 | . . . . . 1 . 2 . 2 Propulsion 9 | . . . . . 3 2 4 . . Utility 10 | . 1 . . 1 2 2 2 . 2 Weapon 4 | . . . . . . . 2 . 2 Highest Loss Streak 9 | . 1 . . 1 4 4 9 . 3 To Critical Strikes . | . . . . . . . . . . Average Backups 8 | 2 8 15 14 10 11 6 4 4 4 Power 1 | . 2 3 2 1 . 1 . . 1 Propulsion 1 | . 1 4 3 3 2 . . . . Utility 2 | . 1 3 3 2 3 2 3 3 2 Weapon 3 | . 2 5 5 4 5 3 . . . Tool/Special . | . . . . . . . . . . Unused Backups 11 | . 4 . 2 . 1 1 . . 3 Power 2 | . 1 . 1 . . . . . . Propulsion 2 | . 1 . 1 . . . . . . Utility 5 | . 1 . . . 1 . . . 3 Weapon 2 | . 1 . . . . 1 . . . Tool/Special . | . . . . . . . . . . Average Slot Usage (%) 84 | . 98 100 77 99 93 88 64 69 58 Engine 6 | . 9 . 5 14 10 3 6 7 2 Core 7 | . 5 14 8 . 7 10 3 7 8 Treads 9 | . 28 28 28 28 9 . . . . Leg 6 | . . . . . 13 12 . . . Flight 2 | . . . . . . 10 . . . Device 10 | . 2 . . . 14 13 14 15 16 Storage 9 | . 14 14 14 14 9 7 7 7 6 Hackware 5 | . . . . . . 13 7 7 6 Protection 6 | . 10 14 14 14 7 . 6 7 2 Ballistic Gun 10 | . 28 27 6 25 17 . . . . Impact Weapon 4 | . . . . 2 . 10 14 10 3 Peak Build Rating 41 | 9 11 12 11 13 33 37 41 29 34 Average Rating 21 | 5 9 11 9 11 22 30 23 27 26 On Entrance 17 | . 9 11 11 9 11 33 37 25 29 Avg Prop Armor Cover (%) 4 | . . . . . 6 4 2 . . Naked Turns . | . . . . . . . . . . Heaviest Build 47 | 15 36 37 33 34 47 31 42 29 35 Greatest Support 60 | 40 40 40 40 40 60 60 41 12 12 Greatest Overweight (x) 4 | . . . . . 4 2 2 2 2 Average Overweight (x) . | . . . . . 1 . 1 2 1 Largest Inventory Capacity 15 | 8 15 15 15 15 15 15 8 8 8 Average Capacity 10 | 7 9 15 15 15 15 8 8 8 8 Most Carried 15 | 3 15 15 15 14 15 15 8 4 6 Average Carried 9 | 2 8 14 14 12 13 7 4 4 4 Final Capacity 15 | 8 15 15 15 15 15 8 8 8 8 Final Carried 15 | 3 15 15 15 13 15 8 4 4 5 Class Distribution -------------------- 55% | Mutant 21% | Hacker-Mutant 20% | Scavenger-Mutant Dominant Class ---------------- Mutant | -10/Materials Scavenger-Mutant | -10/Mines Mutant | -10/Exiles Mutant | -9/Mines Mutant | -8/Materials Hacker-Mutant | -7/Factory Mutant | -7/Lower Caves Mutant | -7/Lower Caves Mutant | -6/Factory Resources | -11 -10 -10 -10 -9 -8 -7 -7 -7 -6 ----------- Run | Yrd Mat Min Exi Min Mat Fac Low Low Fac Matter Collected 2184 | 340 295 177 . 89 407 210 390 37 239 Remotely . | . . . . . . . . . . Salvage Created 2422 | 94 535 156 . 148 487 250 456 . 296 Parts 126 | 4 36 12 . 9 29 7 18 . 11 Haulers Intercepted 2 | . 1 . . . 1 . . . . Recyclers Shooed 4 | . 1 1 . . 1 1 . . . Parts Field Recycled . | . . . . . . . . . . Retrieved Matter . | . . . . . . . . . . Parts Self-Destructed 8 | . . . . . . . 8 . . Prevented 4 | . . . . . . . 4 . . Parts Restored . | . . . . . . . . . . Kills | -11 -10 -10 -10 -9 -8 -7 -7 -7 -6 ------- Run | Yrd Mat Min Exi Min Mat Fac Low Low Fac Combat Hostiles Destroyed 55 | . 11 4 . 7 10 6 15 . 2 Melee 9 | . . . . 1 1 3 2 . 2 Guns 20 | . 11 3 . . 6 . . . . AOE 18 | . . 1 . 4 2 1 10 . . Classes Destroyed 15 | 2 6 1 . 1 1 2 1 . 1 Worker 3 | . 2 . . . 1 . . . . Builder 4 | . . . . . . . . . 4 Tunneler 2 | 1 . . . 1 . . . . . Hauler 2 | . 1 . . . 1 . . . . Recycler 3 | 1 1 . . . . 1 . . . Operator 4 | . 1 . . . 2 1 . . . Drone 1 | . . . . . . 1 . . . Watcher 3 | . 1 . . . 2 . . . . Swarmer 16 | . 3 . . 4 3 . 6 . . Grunt 20 | . 8 2 . 2 5 1 2 . . Brawler 4 | . . . . 1 . . 3 . . Duelist 2 | . . . . . . . 2 . . Sentry 5 | . . 2 . . 1 . 2 . . Hunter 2 | . . . . . 1 1 . . . Programmer 5 | . . . . . . 3 . . 2 Best Kill Streak 11 | 1 7 2 . 5 4 2 11 . 1 Combat Bots Only 11 | . 7 2 . 4 3 2 11 . 1 Max Kills in Single Turn 5 | 1 1 2 . 5 2 1 4 . 1 Gunslinging . | . . . . . . . . . . Exploded 4 | . . 1 . 4 1 1 4 . . Melee 1 | . . . . 1 1 1 1 . 1 Uniques/NPCs Destroyed . | . . . . . . . . . . Combat | -11 -10 -10 -10 -9 -8 -7 -7 -7 -6 -------- Run | Yrd Mat Min Exi Min Mat Fac Low Low Fac Hostile Shots Fired 445 | . 49 22 . 34 114 74 117 . 35 Missed 124 | . 10 10 . 8 21 23 39 . 13 Hits 321 | . 39 12 . 26 93 51 78 . 22 Melee 3 | . . . . 1 . . 2 . . Projectile 318 | . 39 12 . 25 93 51 76 . 22 AOE 2 | . . . . . . 2 . . . Critical Strikes 5 | . . . . . 2 2 . . 1 Damage Taken 4643 | . 437 184 . 299 983 851 1370 . 519 Core 800 | . 68 30 . 56 119 113 258 . 156 Absorbed by Shields 388 | . . . . . 366 22 . . . Redirected to Shielding 4 | . . . . . . . 2 . 2 Core Remaining (%) 65 | 100 . . . 38 78 . . 47 . Volleys Fired 127 | 10 41 12 . 1 46 4 6 . 7 Largest 2 | 2 2 2 . 1 2 2 1 . 1 Hottest 75 | 40 40 50 . 30 51 75 39 . 5 Shots Fired 238 | 20 82 25 . 3 90 5 6 . 7 Gun 213 | 20 82 22 . 2 87 . . . . Cannon . | . . . . . . . . . . Launcher 18 | . . 3 . 1 3 5 6 . . Special 7 | . . . . . . . . . 7 Kinetic 213 | 20 82 22 . 2 87 . . . . Thermal . | . . . . . . . . . . Explosive 18 | . . 3 . 1 3 5 6 . . Electromagnetic . | . . . . . . . . . . Robot Hit Streak 13 | 8 10 13 . 5 7 4 5 . 3 Robot Miss Streak 4 | 1 4 2 . 1 3 1 1 . 1 Penetration Max . | . . . . . . . . . . Secondary Targets 4 | . 2 . . . 2 . . . . Max Gunslinging Chain 1 | . 1 . . . 1 . . . . Shots Hit Robots 202 | 14 54 18 . 8 61 12 14 . 21 Core Hits 109 | 3 29 9 . 8 26 8 20 . 6 Critical Kills . | . . . . . . . . . . Critical Parts Destroyed 6 | . . . . 1 1 2 . . 2 Critical Strikes 6 | . . . . 1 1 2 . . 2 Smash 6 | . . . . 1 1 2 . . 2 Melee Attacks 127 | . . . . 12 7 46 16 . 46 Impact 117 | . . . . 12 7 46 16 . 36 Slashing 8 | . . . . . . . . . 8 Piercing 2 | . . . . . . . . . 2 Sneak Attacks 5 | . . . . . . . 1 . 4 Combat Hostiles . | . . . . . . . . . . Follow-up Attacks 7 | . . . . 2 . 3 1 . 1 Damage Inflicted 6329 | 183 678 293 . 498 1275 712 1736 . 954 Guns 1901 | 183 678 209 . . 831 . . . . Cannons . | . . . . . . . . . . Explosions 2063 | . . 77 . 205 247 247 1287 . . Melee 2312 | . . . . 247 197 465 449 . 954 Ramming 53 | . . 7 . 46 . . . . . Kinetic 1901 | 183 678 209 . . 831 . . . . Thermal . | . . . . . . . . . . Explosive 2063 | . . 77 . 205 247 247 1287 . . Electromagnetic . | . . . . . . . . . . Impact 2119 | . . . . 247 197 465 449 . 761 Slashing 158 | . . . . . . . . . 158 Piercing 35 | . . . . . . . . . 35 Highest Corruption 5 | . 2 2 2 2 . 5 5 5 4 Average Corruption 3 | . 2 2 2 2 . 3 5 5 3 Corruption Purged . | . . . . . . . . . . Corruption Blocked . | . . . . . . . . . . Effects 87 | . 3 10 3 9 . 14 18 6 24 Message Errors 26 | . 2 3 1 2 . 4 9 . 5 Matter Fused 21 | . . 4 2 . . 3 5 2 5 Heat Flow Errors 9 | . . 1 . 1 . . 2 2 3 Energy Discharges 11 | . . 1 . 2 . 2 1 1 4 Parts Fused 2 | . . . . . . . . . 2 Data Loss (minor) 12 | . 1 . . 2 . 3 1 1 4 Data Loss (major) 3 | . . . . . . 2 . . 1 Misfires 3 | . . 1 . 2 . . . . . Overload Shots . | . . . . . . . . . . Overflow Damage 803 | . . . . 29 145 151 107 . 371 Projectiles . | . . . . . . . . . . Explosions 49 | . . . . . 32 . 17 . . Melee 754 | . . . . 29 113 151 90 . 371 Knockbacks 6 | . . . . 2 . 1 1 . 2 Impact 6 | . . . . 2 . 1 1 . 2 Kinetic . | . . . . . . . . . . Secondary . | . . . . . . . . . . Self-Inflicted Damage 131 | . . 11 . . . 8 112 . . Shots 6 | . . 1 . . . 1 4 . . Rammed 11 | . . 2 . 9 . . . . . Targets Rammed 11 | . . 2 . 9 . . . . . Kicked . | . . . . . . . . . . Crushed . | . . . . . . . . . . Highest Temperature 290 | . 12 147 . 110 290 22 250 277 219 Average Temperature 72 | . 4 28 . 55 88 15 82 122 97 Received Heat Transfer 1029 | . 204 90 . 144 453 33 81 . 24 Siege Activations . | . . . . . . . . . . Martial Activations . | . . . . . . . . . . Shielding Activations . | . . . . . . . . . . Robots Disrupted . | . . . . . . . . . . Combat Hostiles . | . . . . . . . . . . Robots Corrupted 10 | . . . . 2 1 2 3 . 2 Combat Hostiles 8 | . . . . 2 1 2 3 . . Parts Fried 7 | . . . . 2 . 3 1 . 1 Impact Corruptions 32 | . . . . 3 3 7 7 . 12 Robots Melted . | . . . . . . . . . . Combat Hostiles . | . . . . . . . . . . Parts Melted . | . . . . . . . . . . Heat Transferred . | . . . . . . . . . . Parts Sabotaged . | . . . . . . . . . . Parts Stolen . | . . . . . . . . . . Parts Stripped . | . . . . . . . . . . Power Chain Reactions . | . . . . . . . . . . Alert | -11 -10 -10 -10 -9 -8 -7 -7 -7 -6 ------- Run | Yrd Mat Min Exi Min Mat Fac Low Low Fac Maximum Alert Level . | . . . . . . . . . . Low Security (%) 100 | 100 100 100 . 100 100 100 . . 100 Level 1 . | . . . . . . . . . . Level 2 . | . . . . . . . . . . Level 3 . | . . . . . . . . . . Level 4 . | . . . . . . . . . . Level 5 . | . . . . . . . . . . High Security . | . . . . . . . . . . Max Security . | . . . . . . . . . . Peak Influence 174 | 5 174 102 . 102 98 59 . . 30 Initial 20 | . . 20 . . . 2 . . . Average 17 | . 54 29 . 20 15 10 . . 2 Influence Increases 1789 | 10 351 181 . 172 347 257 340 . 131 Destroy 0b10 Robot/C 1120 | . 220 120 . 140 200 100 300 . 40 Destroy 0b10 Robot/NC 125 | 10 30 . . 5 30 15 . . 35 Destroy Leader 220 | . 54 20 . 20 56 40 10 . 20 Allied During Kill 6 | . . 6 . . . . . . . Successful Hack 70 | . 32 . . . 7 26 . . 5 Disable Machine 45 | . 15 . . . 15 . . . 15 Destroy Structure 98 | . . 20 . 7 24 31 . . 16 Partial Spotted 15 | . . . . . 15 . . . . Lose Combat Pursuer 90 | . . 15 . . . 45 30 . . Influence Decreases 1788 | 10 298 234 . 172 342 233 369 . 130 Entered New Map 47 | . . 33 . . . 3 11 . . Time Decay 1508 | 10 288 201 . 162 282 183 258 . 124 Lost Part 226 | . 10 . . 10 60 40 100 . 6 Lost Ally 7 | . . . . . . 7 . . . Squads Dispatched 15 | . 2 . . . 3 7 . . 3 Investigation 1 | . 1 . . . . . . . . Extermination 7 | . . . . . . 4 . . 3 Reinforcement 7 | . 1 . . . 3 3 . . . Assault . | . . . . . . . . . . Garrison . | . . . . . . . . . . Intercept . | . . . . . . . . . . Searches Triggered . | . . . . . . . . . . Construction Impeded 2 | . . . . . 1 1 . . . Haulers Reinforced . | . . . . . . . . . . Active Scanning Responses . | . . . . . . . . . . Cargo Convoy Interrupts . | . . . . . . . . . . Stealth | -11 -10 -10 -10 -9 -8 -7 -7 -7 -6 --------- Run | Yrd Mat Min Exi Min Mat Fac Low Low Fac Distress Signals 4 | . 1 . . . 2 1 . . . Communications Jammed . | . . . . . . . . . . Distress Signals . | . . . . . . . . . . Times Spotted 91 | . 17 5 . 7 17 19 17 . 9 Peak Tracking Total 13 | . 5 2 . 4 7 3 13 . 4 Tactical Retreats 9 | . . 1 . . 2 3 1 . 2 ECM-based Alert Blocks 6 | . . . . . 2 . . . 4 Traps | -11 -10 -10 -10 -9 -8 -7 -7 -7 -6 ------- Run | Yrd Mat Min Exi Min Mat Fac Low Low Fac Traps Triggered 5 | . 3 . . . . 1 . . 1 Indirectly . | . . . . . . . . . . Trap Hack Attempts . | . . . . . . . . . . Triggered . | . . . . . . . . . . Disarmed . | . . . . . . . . . . Reprogrammed . | . . . . . . . . . . Reused . | . . . . . . . . . . Traps Extracted . | . . . . . . . . . . Installed . | . . . . . . . . . . Triggered . | . . . . . . . . . . Machines | -11 -10 -10 -10 -9 -8 -7 -7 -7 -6 ---------- Run | Yrd Mat Min Exi Min Mat Fac Low Low Fac Machines Disabled 7 | . 1 2 . . 1 . 2 . 1 Max in Single Turn 2 | . 1 2 . . 1 . 2 . 1 Machines Repaired . | . . . . . . . . . . Machines Dismantled . | . . . . . . . . . . Machines Sabotaged . | . . . . . . . . . . Overloaded Fab Kills . | . . . . . . . . . . Hacking | -11 -10 -10 -10 -9 -8 -7 -7 -7 -6 --------- Run | Yrd Mat Min Exi Min Mat Fac Low Low Fac Machines Accessed 21 | . 6 . 1 . 3 7 . . 4 Terminals 15 | . 5 . . . 3 5 . . 2 Fabricators 1 | . . . . . . 1 . . . Repair Stations 1 | . . . . . . 1 . . . Recycling Units 2 | . 1 . . . . . . . 1 Scanalyzers 1 | . . . . . . . . . 1 Garrison Access . | . . . . . . . . . . Total Hacks 51 | . 14 . 1 . 9 17 . . 10 Successful 23 | . 6 . 1 . 3 8 . . 5 Failed 28 | . 8 . . . 6 9 . . 5 Catastrophic 7 | . 1 . . . 1 3 . . 2 Database Lockouts . | . . . . . . . . . . Manual 27 | . 6 . 1 . 6 10 . . 4 Terminals 39 | . 12 . . . 9 13 . . 5 Fabricators 2 | . . . . . . 2 . . . Repair Stations 2 | . . . . . . 2 . . . Recycling Units 3 | . 2 . . . . . . . 1 Scanalyzers 4 | . . . . . . . . . 4 Garrison Access . | . . . . . . . . . . Terminal Hacks 16 | . 5 . 1 . 3 5 . . 2 Record 1 | . . . . . . 1 . . . Part Schematic 1 | . . . . . . 1 . . . Robot Analysis 4 | . 1 . . . 1 2 . . . Prototype ID Bank 1 | . 1 . . . . . . . . Branch Access Points 1 | . 1 . . . . . . . . Terminal Index 3 | . 1 . . . . 1 . . 1 Alert Level 2 | . . . . . 1 . . . 1 Locate Traps 2 | . 1 . . . 1 . . . . Proto ID Catalog 1 | . . . 1 . . . . . . Fabricator Hacks . | . . . . . . . . . . Repair Station Hacks 1 | . . . . . . 1 . . . Scan Component 1 | . . . . . . 1 . . . Recycling Unit Hacks 1 | . 1 . . . . . . . . Report Inventory 1 | . 1 . . . . . . . . Scanalyzer 3 | . . . . . . . . . 3 Retrieve Study 3 | . . . . . . . . . 3 Garrison Access Hacks . | . . . . . . . . . . Unauthorized Hacks 2 | . . . . . . 2 . . . Terminals 2 | . . . . . . 2 . . . Assimilate 2 | . . . . . . 2 . . . Fabricators . | . . . . . . . . . . Repair Stations . | . . . . . . . . . . Recycling Units . | . . . . . . . . . . Scanalyzers . | . . . . . . . . . . Garrison Access . | . . . . . . . . . . Data Cores Recovered 1 | . . . . . . 1 . . . Used . | . . . . . . . . . . Hacking Detections 19 | . 5 . . . 3 7 . . 4 Full Trace Events . | . . . . . . . . . . Feedback Events . | . . . . . . . . . . Feedback Blocked . | . . . . . . . . . . Robot Schematics Acquired . | . . . . . . . . . . Robots Built . | . . . . . . . . . . Authchips . | . . . . . . . . . . Time . | . . . . . . . . . . Total Robot Build Rating . | . . . . . . . . . . Part Schematics Acquired 1 | . . . . . . 1 . . . Parts Built . | . . . . . . . . . . Authchips . | . . . . . . . . . . Time . | . . . . . . . . . . Total Part Build Rating . | . . . . . . . . . . Part Studies Acquired 3 | . . . . . . . . . 3 Parts Repaired . | . . . . . . . . . . Time . | . . . . . . . . . . Parts Recycled . | . . . . . . . . . . Recycled Matter . | . . . . . . . . . . Retrieved Matter . | . . . . . . . . . . Retrieved Components . | . . . . . . . . . . Parts Scanalyzed . | . . . . . . . . . . Part Schematics Acquired . | . . . . . . . . . . Parts Damaged . | . . . . . . . . . . Bothacking | -11 -10 -10 -10 -9 -8 -7 -7 -7 -6 ------------ Run | Yrd Mat Min Exi Min Mat Fac Low Low Fac Used RIF Installer . | . . . . . . . . . . Robots Hacked 4 | . . . . . . . . . 4 Non-combat 4 | . . . . . . . . . 4 Combat . | . . . . . . . . . . Robot Hacks Applied 4 | . . . . . . . . . 4 parse_system 1 | . . . . . . . . . 1 no_distress 3 | . . . . . . . . . 3 Relay Couplers Released . | . . . . . . . . . . Fabnet Peak Effective % . | . . . . . . . . . . Robots Rewired . | . . . . . . . . . . Allies Hacked . | . . . . . . . . . . Hacks Repelled . | . . . . . . . . . . Allies | -11 -10 -10 -10 -9 -8 -7 -7 -7 -6 -------- Run | Yrd Mat Min Exi Min Mat Fac Low Low Fac Total Allies 4 | . . 3 . . . 1 . . . Largest Group 2 | . . 2 2 . . 1 . . . Highest-Rated Group 43 | . . 43 43 . . 10 . . . Highest-Rated Ally 31 | . . 31 31 . . 10 . . . Total Orders . | . . . . . . . . . . Ally Attacks 6 | . . 6 . . . . . . . Total Damage 101 | . . 101 . . . . . . . Kills 2 | . . 2 . . . . . . . Allies Corrupted . | . . . . . . . . . . Allies Melted . | . . . . . . . . . . Intel | -11 -10 -10 -10 -9 -8 -7 -7 -7 -6 ------- Run | Yrd Mat Min Exi Min Mat Fac Low Low Fac Active Infowar (turns) 4163 | 13 175 . . . 1989 168 587 71 1160 Optics 888 | . . . . . 720 168 . . . Sensors 658 | . . . . . . . 587 71 . IFF 62 | . . . . . . . . . 62 Terrain 188 | 13 175 . . . . . . . . Structural 354 | . . . . . . . . . 354 ECM 2367 | . . . . . 1269 . . . 1098 Robot Analysis Total 4 | . 1 . . . 1 2 . . . Derelict Logs Recovered 2 | . . . . 2 . . . . . Drone Launches . | . . . . . . . . . . Drone Recoveries . | . . . . . . . . . . Exploration | -11 -10 -10 -10 -9 -8 -7 -7 -7 -6 ------------- Run | Yrd Mat Min Exi Min Mat Fac Low Low Fac Turns Passed 9622 | 152 967 568 346 722 2014 2498 671 151 1533 Spaces Moved 4354 | 70 503 313 213 347 443 1064 487 97 817 Core 1397 | 3 . . . . . . 480 97 817 Treads 1602 | 67 503 313 213 347 159 . . . . Legs 873 | . . . . . 284 582 7 . . Wheels . | . . . . . . . . . . Hover 12 | . . . . . . 12 . . . Flight 470 | . . . . . . 470 . . . Fastest Speed 50 | 50 160 160 160 160 160 117 50 150 100 Average Speed 150 | 155 160 160 160 160 217 125 124 150 143 Slowest Speed 400 | 160 160 160 160 160 400 197 190 150 150 Overloaded Moves . | . . . . . . . . . . Propulsion Burnouts . | . . . . . . . . . . Robots Hopped . | . . . . . . . . . . Potential Cave-ins . | . . . . . . . . . . Cave-ins Triggered . | . . . . . . . . . . Exploration Rate (%) 41 | 4 81 65 61 53 25 23 65 20 18 Regions Visited 9 Branch Regions 5 Pre-discovered Areas 1 | . . . . 1 . . . . . Known Exits Taken 2 | . 1 . . 1 . . . . . Unknown Exits Taken 7 | 1 . 1 1 . 1 1 1 1 . Scrap Searched 5 | . . 1 . 2 . . 1 1 . Spaces Dug 36 | . . . . . 1 20 . . 15 Terrain Destroyed 172 | . . 26 . 7 23 38 63 . 15 Melee 36 | . . . . . 1 20 . . 15 Projectile 1 | . . . . . 1 . . . . AOE 135 | . . 26 . 7 21 18 63 . . Terrain Rammed . | . . . . . . . . . . Walls Destroyed . | . . . . . . . . . . Machines Disabled . | . . . . . . . . . . Actions | -11 -10 -10 -10 -9 -8 -7 -7 -7 -6 --------- Run | Yrd Mat Min Exi Min Mat Fac Low Low Fac Total 7004 | 89 588 357 220 488 1395 2147 515 103 1102 Wait 2200 | . 11 21 1 113 864 979 . 3 208 Move 4345 | 69 502 312 212 346 442 1063 486 96 817 Hop . | . . . . . . . . . . Pick Up 35 | 2 19 1 1 1 4 5 . . 2 Fast Attach 41 | 7 1 . . . 9 11 3 2 8 Attach 27 | . . 1 . 4 5 8 4 . 5 Detach 7 | . . . . 1 2 3 . . 1 Swap 36 | 1 4 4 1 3 10 6 1 . 6 Drop 52 | . 10 4 5 . 6 19 . 2 6 Fire 127 | 10 41 12 . 1 46 4 6 . 7 Melee 113 | . . . . 10 7 39 15 . 42 Ram . | . . . . . . . . . . Kick . | . . . . . . . . . . Crush 11 | . . 2 . 9 . . . . . Escape Stasis 10 | . . . . . . 10 . . . Rewire . | . . . . . . . . . . Trap . | . . . . . . . . . . Miscellaneous . | . . . . . . . . . . Route ------- -11/Scrapyard -10/Materials (discovered 3 exits: [*Mat x2] / *Min) -10/Mines (discovered 2 exits: [*Mat] / *Exi) -10/Exiles -9/Mines -8/Materials (discovered 2 exits: *Fac / [*Sto]) -7/Factory -7/Lower Caves -7/Lower Caves -6/Factory History --------- Turn | Location | Event 15 | -11/Scrapyard | Discovered new exit (range 15) 153 | -11/Scrapyard | Entered Materials 313 | -10/Materials | Build established: Mutant 392 | -10/Materials | Discovered new exit (range 15) 433 | -10/Materials | Identified exit to Mines 789 | -10/Materials | Destroyed 7 combat bots 843 | -10/Materials | Discovered new exit (range 5) 1120 | -10/Materials | Entered Mines 1123 | -10/Mines | Met a Derelict bent on vengeance 1123 | -10/Mines | Received a Mining Laser from a helpful Derelict 1260 | -10/Mines | Discovered new exit (range 15) 1494 | -10/Mines | Build established: Scavenger-Mutant 1682 | -10/Mines | Deemed a non-threat by the Exiles lab entrance 1682 | -10/Mines | Discovered new exit (range 5) 1688 | -10/Mines | Entered Exiles 1688 | -10/Exiles | Accompanied by 2 allies 1718 | -10/Exiles | Led the pair of lost Derelicts to a safe place 1728 | -10/Exiles | Met 8R-AWN 1756 | -10/Exiles | Met EX-HEX 1803 | -10/Exiles | Met EX-BIN 1822 | -10/Exiles | Aligned with FarCom system 1824 | -10/Exiles | Given EX-Vault access code 1861 | -10/Exiles | Opened EX-Vault 1884 | -10/Exiles | Found AWS/Autocannon 1915 | -10/Exiles | Warned to stay clear of 0b10 Research branches 1962 | -10/Exiles | Met EX-DEC 2019 | -10/Exiles | Discovered new exit (range 11) 2034 | -10/Exiles | Left Exiles lab with AWS/Autocannon 2034 | -10/Exiles | Entered Mines 2045 | -9/Mines | Core integrity fell below 50% 2068 | -9/Mines | Build established: Mutant 2361 | -9/Mines | Learned location of Zion (-6) 2564 | -9/Mines | Identified exit to Materials 2756 | -9/Mines | Entered Materials 2756 | -8/Materials | Evolved 4 slots: Power x1, Propulsion x1, Utility x2 3126 | -8/Materials | Lost 4 parts (2n2u) 3422 | -8/Materials | Build established: Scavenger-Mutant 3590 | -8/Materials | Discovered new exit (range 16) 4071 | -8/Materials | Build established: Mutant 4765 | -8/Materials | Discovered new exit (range 3) 4770 | -8/Materials | Entered Factory 4770 | -7/Factory | Evolved 2 slots: Propulsion x1, Utility x1 5150 | -7/Factory | Build established: Hacker-Mutant 5539 | -7/Factory | Found Prototype Launcher 5539 | -7/Factory | Identified Rocket Array 5700 | -7/Factory | Discovered new exit (range 10) 6958 | -7/Factory | Lost 4 parts (2n2u) 7217 | -7/Factory | Build established: Scavenger-Mutant 7268 | -7/Factory | Entered Lower Caves 7270 | -7/Lower Caves | Attracted the attention of an 0b10 outpost 7321 | -7/Lower Caves | Destroyed 11 combat bots 7353 | -7/Lower Caves | Lost 9 parts (1p4n2u2w) 7433 | -7/Lower Caves | Attracted the attention of an 0b10 checkpoint 7558 | -7/Lower Caves | Core integrity fell below 50% 7563 | -7/Lower Caves | Build established: Mutant 7930 | -7/Lower Caves | Discovered new exit (range 8) 7939 | -7/Lower Caves | Entered another Lower Caves area 7940 | -7/Lower Caves | Encountered a Warlord checkpoint 8072 | -7/Lower Caves | Discovered new exit (range 12) 8090 | -7/Lower Caves | Entered Factory 8090 | -6/Factory | Evolved 2 slots: Propulsion x2 8540 | -6/Factory | Lost 3 parts (1p1u1w) 9107 | -6/Factory | Lost 3 parts (1p1u1w) 9623 | -6/Factory | Self-destructed Last Messages --------------- crushing effect. 09492_ U-05 Engineer knocked back. 09493_ U-05 Engineer system terminally corrupted. 09493_ Terrain Scanner fried. 09495_ Acquired 14 matter. 09503_ 8S/GBW%NFD,LUE09,YQLFGS#| 09522_ System corrupted: Energy discharge (-183). 09523_ Scanalyzer disabled. 09527_ U-05 Engineer builds a Wall. 09527_ K-01 Serf collects debris. 09568_ U-05 Engineer builds a Door. 09572_ K-01 Serf cleans the Subcomponent Replicator. 09585_ Connecting with Terminal... 09593_ ALERT: Potential suspicious activity detected, Programmers report to Factory Zone 3N. 09618_ Scythe+ follow-up attack on G-67 Veteran. Map ----- +----------------------------------------------------+ | ?????????????????????????????????????????????????? | | ?????????????????????????????????????????????????? | | ?????????????????????????????????????????????????? | | ?????????????????????????????????????????????????? | | ?????????????????????????????????????????????????? | | ?????????????????????????????????????????????????? | | ?????????????????????????????????????????????????? | | ?????????????????????????????????????????????????? | | ?????????????????????????????????????????????????? | | ?????????????????????????????????????????????????? | | ?????????????????????????????????????????????????? | | ?????????????????????????????????????????????????? | | ?????????????????????????????????????????????????? | | ?????????????????????????????????????????????????? | | ?????????????????????????????????????????????????? | | ?????????????=???????????????????????????????????? | | ????????????? ???????????????????????????????????? | | ????????????? ???????????????????????????????????? | | ????????????? ???????????????????????????????????? | | ?????????? """ ??????????????????????????????????? | | ?????????? """ ??????????????????????????????????? | | ???????????""" ?????????#############????????????? | | ???????????? ?????????# #????????????? | | ???????????? ?????????# #????????????? | | ????????????? ?????????# #????????????? | | ???????????#+#+##########@ #??????????### | | ???????????# ; #??????????### | | ???????????# g#g #??????????## | | ???????????# gY + #??????????## | | ???????????# # ############# | | ???????????# # ############# | | ###############+### # # ### | | # !!! # # # """""" ### | | # !! # # # """""" ### | | !! # # # """""" !### | | # """ # ############# """""" ### | | # """ " " # #??????????## ### | | # """ "T" # #??????????## ### | | # """ # #??????###### ### | | ???######+##/###### #################+#######+ | | ????????# | | ????????# g | | ????????+ | | ????????# "" | | ????????# "" | | ????????# """ ###+#######+#####+############### | | ????????# """ # # ######### | | ??????? ! """ # ] # #????????? | | ??????? # # #????????? | | ?????? # !! # ##???????? | +----------------------------------------------------+ Best States ------------- Heat Dissipation 37 Energy Generation 31 Energy Capacity 510 Matter Stores 300 Matter Capacity 300 Sight Range 18 Robot Scan Range 15 Terrain Scan Range 16 Terrain Scan Density 10 ECM Strength 1 Additional Mass Support 9 Armor Coverage 375 Resistance: EX 25 Utility Shielding 15 Phase Shifting 5 Evasion (%) 55 Recoil Reduction 3 Offensive Hacking 20 Item Schematics ----------------- Structural Scanner | -7/Factory | Hacked Robot Schematics ------------------ None Fabricated ------------ Nothing Repaired ---------- Nothing Studied --------- Scythe | -6/Factory | Hacked Lgt. Nuclear Core | -6/Factory | Hacked Mic. Nuclear Core | -6/Factory | Hacked Alien Tech Used ----------------- None Achievements -------------- Not Today, Chutes Challenges ------------ None Game ------ Seed PlasmaCommMachine Manual? 0 Play Time 00:53:57 Cumulative 24.6 hours Start 2026.03.30 @ 00:44:03 End 2026.03.30 @ 01:36:49 Sessions 1 Manual Loads 0 Difficulty Rogue Special Mode None Game No. 36 Rogue 36 Adventurer 0 Explorer 0 Win Type - Total 0 Types 0/0/0/0/0/0/0/0/0/0 Lore% 15 Gallery% 23 Achievement% 18 Wizard Run 0 Options --------- Layout 1 ASCII 0 Keyboard 0 Movement Mouse Keybinds 0 Fullscreen 1 Font 24/Smallcaps Map View 50x35 Zoom Use 0% Tactical HUD 1 Map Filters NONE Filters NONE Steam 1 RUN: 3209c055-2924-45df-9ba0-7cb809b5dcda